 Dungeon Crawl Stone Soup version 0.31-a0-819-gf6de2f5ab6 (webtiles) character file.

Game seed: 16895807274764451435

786 qw the Skirmisher (level 7, 0/44 HPs)
             Began as a Gargoyle Hunter on Sept 23, 2023.
             Was an Initiate of Okawaru.
             Slain by an orc wizard
             ... wielding a +0 dagger
              (1 damage)
             ... on level 5 of the Dungeon.
             The game lasted 00:01:35 (3639 turns).

qw the Skirmisher (Gargoyle Hunter)                 Turns: 3639, Time: 00:01:36

Health: 0/44       AC: 15    Str: 14    XL:     7   Next: 86%
Magic:  7/7        EV: 11    Int: 10    God:    Okawaru [......]
Gold:   222        SH:  0    Dex: 15    Spells: 6/6 levels left

rFire   . . .        Y - +0 orcbow
rCold   . . .        (shield currently unavailable)
rNeg    + . .        g - +3 ring mail of Bitterness {rCorr}
rPois   inf          f - +0 helmet
rElec   +            (no cloak)
rCorr   +            d - +0 pair of gloves
SInv    .            (no boots)
Will    .....        (no amulet)
Stlth   +            (no ring)
HPRegen 0.27/turn    (no ring)
MPRegen 0.10/turn

%: no passive effects
@: about to teleport
A: sickness immunity, AC +4, negative energy resistance 1, electricity
resistance, torment resistance 1, petrification resistance
a: Renounce Religion


You were on level 5 of the Dungeon.
You worshipped Okawaru.
Okawaru was noncommittal.
You visited 2 branches of the dungeon, and saw 6 of its levels.

You collected 222 gold pieces.


Innate Abilities, Weirdness & Mutations

You are immune to sickness and miasma.
Your stone body is resilient. (AC +4)
You are immune to poison.
You resist negative energy. (rN+)
You are resistant to electric shocks. (rElec)
You are resistant to unholy torment.
You are immune to petrification.


   Skills:
 + Level 4.3 Fighting
 - Level 8.2 Ranged Weapons
 - Level 2.8 Armour
 - Level 1.5 Dodging
 - Level 1.1 Stealth


You had 6 spell levels left.
You didn't know any spells.
Your spell library was empty.

Inventory:

Hand Weapons
 Y - a +0 orcbow (weapon)
Armour
 d - a +0 pair of gloves (worn)
 f - a +0 helmet (worn)
 g - the +3 ring mail of Bitterness (worn) {rCorr}
   (You found it on level 2 of the Dungeon)

   rCorr:     It protects you from acid and corrosion.
Wands
 l - a wand of digging (4)
Scrolls
 b - 4 scrolls of teleportation
 h - a scroll of identify
Potions
 a - a potion of magic {unknown}
 c - a potion of heal wounds {unknown}
 e - a potion of attraction {unknown}
 i - a potion of mutation {unknown}
 j - a potion of ambrosia {unknown}
 p - a potion of might {unknown}

Dungeon Overview and Level Annotations

Branches:
Dungeon (5/15)             Temple (1/1) D:4

Altars:
Ashenzari
Cheibriados
Dithmenos
Fedhas
Gozag
Hepliaklqana
Kikubaaqudgha
Makhleb
Nemelex Xobeh
Okawaru
Qazlal
Sif Muna
Trog
Vehumet
Yredelemnul
Zin
The Shining One

Annotations:
D:4 2 transporters


Message History

You shoot an arrow.
The arrow closely misses the orc priest.
Something hits you but does no damage.
The orc priest hits you but does no damage.
You hear some strange, mumbled words.
A puff of flame appears from out of thin air!
The puff of flame hits you.
The orc priest mumbles some strange prayers to Beogh against you.
Beogh smites you!
You shoot an arrow. The arrow barely misses the orc priest.
Something hits you but does no damage.
The orc priest hits you but does no damage.
You shoot an arrow. The arrow barely misses the orc priest.
The orc priest closely misses you. Something hits you but does no damage.
You shoot an arrow.
The arrow hits the orc priest but does no damage.
The orc priest hits you but does no damage.
Something hits you but does no damage.
The orc priest looks braver for a moment.
You shoot an arrow. The arrow hits the orc priest.
The orc priest is heavily wounded.
Something hits you but does no damage. The orc priest barely misses you.
The orc priest mumbles some strange prayers to Beogh against you.
Beogh smites you!
You shoot an arrow. The arrow hits the orc priest.
The orc priest is heavily wounded.
The orc priest calls down the wrath of Beogh upon you.
Beogh smites you! Something completely misses you.
The orc priest hits you but does no damage.
Something hits you but does no damage.
3638 ||| READING 5 scrolls of teleportation.
As you read the scroll of teleportation, it crumbles to dust.
You feel strangely unstable.
A sleepcap comes into view.
The orc priest hits you with a +0 dagger.
Something hits you but does no damage.
You shoot an arrow. The arrow hits the orc priest.
The orc priest is almost dead.
Something hits you.
You die...

#.##### ###.# ##...#
#..#.# ####.##.#
###....##.#
####...#####.#
#............#
#@.##.........
......o{###.........
### .....)#.#
#......... +..
......#.# #...[.....
### ..... #.#
#......... f.... #.#
########.# '### #.#
#.#


You could see a sleepcap and an orc priest.

Vanquished Creatures
  Sigmund (D:3)
  A centaur (D:4)
  An ogre (D:5)
  A bullfrog (D:4)
  A scorpion (D:4)
  A jelly (D:5)
  An orc priest (D:4)
  Ijyb (D:4)
  An iguana (D:5)
  Robin (D:4)
  3 gnolls (D:5)
  8 adders
  A worm (D:2)
  A dart slug (D:4)
  17 orcs
  9 endoplasms
  A giant cockroach (D:1)
  9 hobgoblins
  2 kobolds
  4 quokkas
  7 ball pythons
  4 bats
  11 frilled lizards
  8 goblins
  7 rats
102 creatures vanquished.

Notes
Turn   | Place    | Note
-------+----------+-------------------------------------------
     0 | D:1      | qw the Gargoyle Hunter began the quest for the Orb.
     0 | D:1      | Reached XP level 1. HP: 12/12 MP: 1/1
     0 | D:1      | 0 ||| qw: Version: 0.3-a-83-gcd0e7d8
     0 | D:1      | 0 ||| qw: Game counter: 1633
     0 | D:1      | 0 ||| qw: Melee chars always use a shield: true
     0 | D:1      | 0 ||| qw: God list: Okawaru
     0 | D:1      | 0 ||| qw: Allow faded altars: false
     0 | D:1      | 0 ||| qw: Do Orc after clearing Dungeon:15 true
     0 | D:1      | 0 ||| qw: Do second Lair branch before Depths: true
     0 | D:1      | 0 ||| qw: Lair rune preference: random
     0 | D:1      | 0 ||| qw: Goals: Normal
     0 | D:1      | 0 ||| PLANNING D:1-11
   132 | D:1      | Reached XP level 2. HP: 17/17 MP: 2/2
   180 | D:1      | 180 ||| READING scroll labelled GIFAFOE CIEFY.
   181 | D:1      | 181 ||| READING scroll labelled ITINTU FEOBELO.
   182 | D:1      | 182 ||| READING scroll labelled LENITI LOYDEITT.
   183 | D:1      | 183 ||| READING scroll labelled ANERHAS QYXARPH.
   216 | D:1      | 216 ||| DROPPING scroll of butterflies.
   466 | D:1      | Reached XP level 3. HP: 21/21 MP: 3/3
   723 | D:1      | 723 ||| READING scroll labelled ITYQ UTUJA.
   843 | D:2      | Reached skill level 5 in Ranged Weapons
  1102 | D:2      | Identified the +3 ring mail of Bitterness {rCorr}
  1225 | D:2      | Reached skill level 3 in Fighting
  1230 | D:2      | Reached XP level 4. HP: 24/28 MP: 4/4
  1452 | D:2      | 1452 ||| UPGRADING to +0 ring mail.
  1462 | D:2      | 1462 ||| DROPPING +0 leather armour.
  1463 | D:2      | 1463 ||| UPGRADING to +0 pair of gloves.
  1468 | D:2      | 1468 ||| UPGRADING to +3 ring mail of Bitterness {rCorr}.
  1478 | D:2      | 1478 ||| DROPPING +0 ring mail.
  1479 | D:2      | 1479 ||| DROPPING +3 leather armour.
  1480 | D:2      | 1480 ||| DROPPING ring of flight.
  1481 | D:2      | 1481 ||| READING scroll labelled WEGRIT REPUCYDD.
  1484 | D:2      | 1484 ||| READING 2 scrolls of identify.
  1484 | D:2      | 1484 ||| IDENTIFYING grey potion
  1553 | D:3      | Reached skill level 1 in Armour
  1831 | D:3      | 1831 ||| FLEEEEING.
  1899 | D:3      | Reached XP level 5. HP: 32/32 MP: 5/5
  2120 | D:3      | Noticed Sigmund
  2122 | D:3      | 2122 ||| DRINKING potion of curing.
  2122 | D:3      | 2122 ||| (to cure confusion)
  2129 | D:3      | Killed Sigmund
  2130 | D:3      | Reached skill level 7 in Ranged Weapons
  2130 | D:3      | Reached XP level 6. HP: 22/37 MP: 6/6
  2489 | D:3      | 2489 ||| READING scroll labelled HAIPTU SONI.
  2660 | D:4      | Noticed Ijyb
  2673 | D:4      | Killed Ijyb
  2716 | D:4      | Reached XP level 7. HP: 43/43 MP: 7/7
  2721 | D:4      | Noticed Robin
  2729 | D:4      | Killed Robin
  2733 | D:4      | Found a staircase to the Ecumenical Temple.
  2734 | D:4      | 2734 ||| PLANNING TEMPLE
  2734 | D:4      | 2734 ||| UPGRADING to +0 helmet.
  2747 | Temple   | Entered the Ecumenical Temple
  2748 | Temple   | 2748 ||| PLANNING OKAWARU WORSHIP
  2756 | Temple   | Became a worshipper of Warmaster Okawaru
  2757 | Temple   | 2757 ||| PLANNING D:1-11
  2846 | D:4      | 2846 ||| SWAPPING to +0 orcbow.
  2847 | D:4      | 2847 ||| DROPPING +0 shortbow.
  3078 | D:4      | Found a snail-covered altar of Cheibriados.
  3209 | D:4      | Found a transporter.
  3215 | D:4      | Found a transporter.
  3319 | D:4      | 3319 ||| DROPPING amulet of magic regeneration.
  3320 | D:4      | 3320 ||| READING scroll labelled HUANKIRHEPH.
  3321 | D:4      | 3321 ||| READING scroll labelled IDUALE HODO.
  3340 | D:5      | Entered Level 5 of the Dungeon
  3407 | D:5      | Reached skill level 8 in Ranged Weapons
  3491 | D:5      | Found an opulent altar of Gozag.
  3637 | D:5      | HP: 4/44 [orc priest/divine providence (15)]
  3638 | D:5      | 3638 ||| READING 5 scrolls of teleportation.
  3638 | D:5      | HP: 1/44 [orc priest/+0 dagger (4)]
  3639 | D:5      | Slain by an orc wizard

Levels and vault maps discovered:
D:1:      ncdulo_halloftheorcs, layout_loops_ring, item_on_display_a
D:2:      layout_basic, st_stairs_7, serial_bayou_pond_e, minmay_pentomino_pile
D:3:      layout_basic, minmay_hedge_maze, minmay_lizard_king, uniq_sigmund
D:4:      layout_loops_ring, lemuel_doored_altar,
          minmay_temple_entry_large_hall, gammafunk_ghost_gnarly_gnolls,
          nicolae_goblin_pals
D:5:      layout_basic, nzn_wu_jian_council_hall, lemuel_crystal_altar,
          minmay_joined_circles
Temple:   hellmonk_temple_two_chambers

Skill      XL: |  1  2  3  4  5  6  7 |
---------------+----------------------+-----
Ranged Weapons | 5 7 8 |  8.2
Fighting       | 3 4 |  4.3
Armour         | 1 2 |  2.8
Dodging        | |  1.5
Stealth        | |  1.1

Action                     |  1- 3 |  4- 6 |  7- 9 || total
---------------------------+-------+-------+-------++-------
   Fire: Shortbow          |   120 |   170 |    26 ||   316
         Orcbow            |       |       |    82 ||    82
    Use: Scroll            |     5 |     3 |     3 ||    11
         Potion            |       |     1 |       ||     1
 Armour: Leather armour    |    36 |     2 |       ||    38
         Ring mail         |       |    96 |    80 ||   176
  Dodge: Dodged            |    27 |    84 |    48 ||   159

Table legend:
 A = Non-vault XP
 B = Vault XP
 C = Vault XP percentage of total XP
 D = Non-vault monster count
 E = Vault monster count
 F = Vault count percentage of total count
                 A         B        C        D         E       F
            +---------+---------+-------+---------+---------+-------
      Total |     798 |     325 |  28.9 |      83 |      19 |  18.6
            +---------+---------+-------+---------+---------+-------
        D:1 |      38 |       0 |   0.0 |      24 |       0 |   0.0
        D:2 |      60 |       5 |   7.7 |      16 |       2 |  11.1
        D:3 |      82 |     255 |  75.7 |      21 |       9 |  30.0
        D:4 |     367 |      65 |  15.0 |      10 |       8 |  44.4
        D:5 |     251 |       0 |   0.0 |      12 |       0 |   0.0
            +---------+---------+-------+---------+---------+-------
